 Dungeon Crawl Stone Soup version 0.21.1-1-g345015fe64 (webtiles) character file.

32239 Norrik the Severer (level 13, -16/127 HPs)
             Began as a Minotaur Monk on Mar 22, 2018.
             Was the Champion of Okawaru.
             Killed from afar by an ogre mage (51 damage)
             ... with a crystal spear
             ... on level 14 of the Dungeon.
             The game lasted 01:05:22 (13951 turns).

Norrik the Severer (Minotaur Monk)                 Turns: 13951, Time: 01:05:22

Health: -16/127    AC: 22    Str: 21    XL:     13   Next: 30%
Magic:  12/12      EV: 13    Int: 11    God:    Okawaru [******]
Gold:   582        SH: 10    Dex: 18    Spells: 12/12 levels left

rFire    . . .     SeeInvis +   Z - +1 war axe (elec)
rCold    . . .     Gourm    .   H - +2 buckler
rNeg     . . .     Faith    .   R - +4 chain mail of Life {rElec Dex+3 SInv}
rPois    +         Spirit   .   (helmet restricted)
rElec    +         Reflect  +   z - +2 cloak of Awe {rElec rPois Int+4 Stlth-}
rCorr    .         Harm     .   M - +1 pair of gloves
MR       .....                  u - +0 pair of boots
Stlth    ..........             A - +4 amulet of reflection
HPRegen  0.31/turn              C - +2 ring of dexterity
MPRegen  0.13/turn              s - +4 ring of slaying

@: about to teleport
A: retaliatory headbutt, horns 2
a: Heroism, Finesse, Renounce Religion


You were on level 14 of the Dungeon.
You worshipped Okawaru.
Okawaru was exalted by your worship.
You were not hungry.

You visited 2 branches of the dungeon, and saw 15 of its levels.

You collected 582 gold pieces.

Inventory:

Hand Weapons
 B - a -1 trident
 Z - a +1 war axe of electrocution (weapon)
Missiles
 h - 357 stones (quivered)
 E - 335 arrows
Armour
 q - a scarf of resistance
 u - a +0 pair of boots (worn)
 z - the +2 cloak of Awe (worn) {rElec rPois Int+4 Stlth-}
   (You found it on level 11 of the Dungeon)

   It affects your intelligence (+4).
   It insulates you from electricity.
   It protects you from poison.
   It makes you less stealthy.
 H - a +2 buckler (worn)
 M - a +1 pair of gloves (worn)
 R - the +4 chain mail of Life (worn) {rElec Dex+3 SInv}
   (Okawaru gifted it to you on level 13 of the Dungeon)

   It affects your dexterity (+3).
   It insulates you from electricity.
   It lets you see invisible.
Jewellery
 j - an uncursed ring of flight
 s - a +4 ring of slaying (right hand)
 A - a +4 amulet of reflection (around neck)
 C - a +2 ring of dexterity (left hand)
 D - an uncursed ring of resist corrosion
 T - an uncursed ring of protection from cold
Wands
 f - a wand of polymorph (45)
 I - a wand of clouds (5)
 L - a wand of disintegration (10)
 U - a wand of acid (26)
 V - a wand of iceblast (7)
 W - a wand of flame (57)
Scrolls
 a - 2 scrolls of fear
 d - a scroll of magic mapping
 i - a scroll of fog {unknown}
 l - 6 scrolls of remove curse
 n - 7 scrolls of teleportation
 r - 2 scrolls of enchant weapon
 t - 3 scrolls of identify
 x - 2 scrolls of amnesia
 G - 3 scrolls of blinking
 O - 2 scrolls of enchant armour
 P - a scroll of summoning {unknown}
 Q - a scroll of vulnerability {unknown}
 S - a scroll of noise {unknown}
 X - a scroll of silence {unknown}
 Y - a scroll of holy word {unknown}
Potions
 b - 2 potions of cancellation
 g - 3 potions of heal wounds
 k - 2 potions of lignification
 o - 6 potions of curing
 p - a potion of ambrosia {unknown}
 v - 3 potions of might
 w - a potion of flight
 y - a potion of haste
 F - a potion of mutation
 J - 2 potions of brilliance
Books
 e - a book of Necromancy

   Spells                             Type                      Level
   a - Pain                           Necromancy                   1
   b - Animate Skeleton               Necromancy                   1
   c - Vampiric Draining              Necromancy                   3
   d - Regeneration                   Charms/Necromancy            3
   e - Animate Dead                   Necromancy                   4
   f - Borgnjor's Vile Clutch         Necromancy/Earth             5
 N - a book of Air

   Spells                             Type                      Level
   a - Shock                          Conjuration/Air              1
   b - Swiftness                      Charms/Air                   2
   c - Static Discharge               Conjuration/Air              3
   d - Airstrike                      Air                          4
   e - Lightning Bolt                 Conjuration/Air              5
Miscellaneous
 K - a phial of floods
Comestibles
 c - 29 rations
 m - 4 chunks of flesh


   Skills:
 + Level 15.6 Fighting
 - Level 16.1(16.2) Axes
 - Level 3.6(11.4) Polearms
 - Level 10.0 Armour
 - Level 10.0 Dodging
 - Level 1.5 Stealth


You had 12 spell levels left.
You didn't know any spells.

Dungeon Overview and Level Annotations

Branches:
Dungeon (14/15)            Temple (1/1) D:7            Lair (0/6) D:8
    Orc (0/2) D:12         Vaults (0/5) D:13

Altars:
Ashenzari
Cheibriados
Dithmenos
Elyvilon
Fedhas
Gozag
Hepliaklqana
Kikubaaqudgha
Makhleb
Nemelex Xobeh
Okawaru
Qazlal
Ru
Sif Muna
Trog
Uskayaw
Vehumet
Wu Jian
Xom
Yredelemnul
Zin
The Shining One

Shops:
D:5 *   D:6 :

Portals:
Trove: D:11 (give +4 fire dragon scales)


Innate Abilities, Weirdness & Mutations

You reflexively headbutt those who attack you in melee.
You have a pair of horns on your head.


Message History

The centaur warrior shoots an arrow.
The arrow hits you!
You see here 2 arrows.
The centaur warrior shoots an arrow.
The arrow closely misses you.
The ogre mage points at you and mumbles some strange words.
The bolt of cold hits you!
* * * LOW HITPOINT WARNING * * *
A spriggan and a deep troll come into view.
Things that are here:
a great sword; a ring mail Some of the chunks of flesh in your inventory have rotted away.
The ogre mage gestures wildly while chanting.
The ogre mage blinks!
The centaur warrior shoots an arrow.
The arrow hits you.
* * * LOW HITPOINT WARNING * * *
You see here an arrow.
As you read the scroll of teleportation, it crumbles to dust.
You feel strangely unstable.
The centaur warrior shoots an arrow.
The arrow misses you. The ogre mage casts a spell at you.
The crystal spear hits you!
You die... ##### #.....'....#...... ##...## #.....#....#...... ..i.. #.....######...... .HT

#................. ## ###c###
##..........#######
#$..#?#O#%#CQ.#..........#....>#
#.⌠..)#(#$..⌠.#..........#.....'
#...#$#.#?#...#..........#.....#
#######.#######@(........#######
.........Tc§.)...................
........(....O...................
...###.###.###...................
...# #( #.#.....................
...#.#. #.###...................
...... ... ....................
...... ........................
...## ##.###..#################


You could see a centaur warrior, an ogre mage and a deep troll.

Vanquished Creatures
  Erolcha (D:12)
  The ghost of tensugalgo the Cleaver, a journeyman NaAs of Okawaru (D:10)
  2 hydras (D:13)
  The ghost of squipdi the Blocker, a journeyman GrFi of Qazlal (D:11)
  3 two-headed ogres
  An ogre mage (D:13)
  A tengu warrior (D:14)
  3 skeletal warriors (D:13)
  3 unseen horrors
  A wolf spider zombie (D:13)
  An orc knight (D:12)
  5 ugly things
  2 manticores
  A cyclops (D:11)
  3 centaur zombies
  Joseph (D:10)
  A gargoyle (D:13)
  4 kobold demonologists (D:12)
  A hornet (D:13)
  Grinder (D:6)
  5 trolls
  5 hippogriffs
  Sigmund (D:6)
  A spriggan (D:10)
  18 yaks
  A wraith (D:12)
  A vampire (D:14)
  A basilisk (D:14)
  A wyvern (D:10)
  3 vampire mosquitoes (D:14)
  Grum (D:8)
  Edmund (D:6)
  5 hungry ghosts
  The ghost of PentaManta the Sneak, an amateur OpAs (D:4)
  2 water moccasins
  Duvessa (D:4)
  3 porcupines (D:8)
  A hornet zombie (D:14)
  6 sky beasts
  8 orc warriors
  A black bear (D:8)
  A necrophage (D:7)
  An eye of draining (D:14)
  2 phantoms
  2 wolves (D:8)
  5 ogres
  7 centaurs
  3 crocodiles
  7 big kobolds
  9 bullfrogs
  A wyvern zombie (D:12)
  Dowan (D:4)
  6 scorpions
  26 killer bees
  3 wights (D:6)
  5 howler monkeys
  2 electric eels (D:12)
  4 crimson imps
  A quasit (D:10)
  6 hounds
  8 orc priests
  2 bullfrog skeletons
  A jelly (D:12)
  17 orc wizards
  A gnoll shaman (D:10)
  2 centaur skeletons
  5 iguanas
  8 worker ants
  2 hound zombies
  A worker ant zombie (D:6)
  A hound skeleton (D:6)
  Robin (D:4)
  9 adders
  5 gnolls (D:10)
  A howler monkey skeleton (D:5)
  3 shadow imps
  4 adder skeletons
  3 adder zombies (D:5)
  3 worms
  2 dart slugs
  6 leopard geckos
  64 orcs
  2 ball pythons (D:2)
  8 bats
  7 giant cockroaches
  7 hobgoblins
  13 jackals
  8 quokkas
  4 frilled lizards
  A giant cockroach zombie (D:6)
  15 goblins
  2 jackal skeletons (D:4)
  33 kobolds
  8 rats
  A spectral orc (D:8)
454 creatures vanquished.

Vanquished Creatures (others)
  An orc warrior (D:8)
  A centaur (D:12)
2 creatures vanquished.

Grand Total: 456 creatures vanquished

Notes
Turn   | Place    | Note
-------+----------+-------------------------------------------
     0 | D:1      | Norrik the Minotaur Monk began the quest for the Orb.
     0 | D:1      | Reached XP level 1. HP: 19/19 MP: 0/0
   214 | D:1      | Reached XP level 2. HP: 28/28 MP: 1/1
   348 | D:1      | Reached skill level 5 in Fighting
   750 | D:2      | Reached XP level 3. HP: 35/36 MP: 2/2
  1107 | D:2      | Reached XP level 4. HP: 19/44 MP: 3/3
  1672 | D:2      | Noticed a sky beast
  1711 | D:2      | Killed a sky beast
  1711 | D:2      | Reached XP level 5. HP: 11/52 MP: 4/4
  2290 | D:3      | Reached XP level 6. HP: 54/61 MP: 5/5
  2796 | D:4      | Noticed Dowan
  2797 | D:4      | Noticed Duvessa
  2841 | D:4      | Killed Duvessa
  2852 | D:4      | Killed Dowan
  2904 | D:4      | Noticed PentaManta's ghost (amateur OpAs)
  2954 | D:4      | Killed PentaManta's ghost
  2954 | D:4      | Reached skill level 10 in Fighting
  2954 | D:4      | Reached XP level 7. HP: 53/72 MP: 6/6
  3058 | D:4      | Reached skill level 1 in Axes
  3058 | D:4      | Reached skill level 1 in Armour
  3102 | D:4      | Reached skill level 2 in Axes
  3123 | D:4      | Noticed Robin
  3138 | D:4      | Killed Robin
  3372 | D:5      | Entered Level 5 of the Dungeon
  3378 | D:5      | Found Pupeuxte's Assorted Antiques.
  3474 | D:5      | Reached skill level 3 in Axes
  3497 | D:5      | Found a stormy altar of Qazlal.
  3498 | D:5      | Noticed an air elemental
  3542 | D:4      | Reached skill level 4 in Axes
  3542 | D:4      | Reached XP level 8. HP: 59/79 MP: 7/7
  3697 | D:5      | Reached skill level 5 in Axes
  3697 | D:5      | Reached skill level 5 in Armour
  3905 | D:5      | Reached skill level 6 in Axes
  4081 | D:6      | Found Zaobaeg's Book Shop.
  4348 | D:6      | Reached skill level 7 in Axes
  4365 | D:6      | Reached XP level 9. HP: 6/85 MP: 8/8
  4708 | D:6      | Noticed Sigmund
  4760 | D:6      | Killed Sigmund
  4781 | D:6      | Reached skill level 8 in Axes
  5011 | D:6      | Noticed Edmund
  5071 | D:6      | Killed Edmund
  5126 | D:6      | Noticed Grinder
  5198 | D:6      | Paralysed by Grinder for 7 turns
  5208 | D:6      | Killed Grinder
  5208 | D:6      | Reached skill level 9 in Axes
  5218 | D:6      | Found a shattered altar of Ashenzari.
  5499 | D:7      | Found a staircase to the Ecumenical Temple.
  5505 | Temple   | Entered the Ecumenical Temple
  5557 | Temple   | Became a worshipper of Warmaster Okawaru
  5557 | Temple   | Reached * piety under Okawaru
  5557 | Temple   | Reached ** piety under Okawaru
  6316 | D:7      | Reached skill level 10 in Axes
  6316 | D:7      | Reached skill level 10 in Armour
  6417 | D:8      | Reached XP level 10. HP: 88/93 MP: 9/9
  6466 | D:8      | Reached *** piety under Okawaru
  6600 | D:8      | Reached skill level 11 in Axes
  6821 | D:8      | Noticed Grum
  6833 | D:8      | Killed Grum
  6890 | D:8      | Reached skill level 12 in Axes
  6911 | D:8      | Found a basalt altar of Yredelemnul.
  7077 | D:8      | Found a staircase to the Lair.
  7252 | D:9      | Reached skill level 13 in Axes
  7294 | D:9      | Reached **** piety under Okawaru
  7636 | D:9      | Received a gift from Okawaru
  7977 | D:10     | Entered Level 10 of the Dungeon
  8030 | D:10     | Reached skill level 14 in Axes
  8173 | D:10     | Reached XP level 11. HP: 94/99 MP: 10/10
  8206 | D:10     | Noticed Joseph
  8231 | D:10     | Killed Joseph
  8241 | D:10     | Noticed tensugalgo's ghost (journeyman NaAs)
  8848 | D:10     | Killed tensugalgo's ghost
  9294 | D:11     | Noticed a cyan ugly thing
  9307 | D:11     | Killed a cyan ugly thing
  9307 | D:11     | Reached skill level 15 in Axes
  9325 | D:11     | Noticed squipdi's ghost (journeyman GrFi)
  9707 | D:11     | Noticed a green ugly thing
  9718 | D:11     | Killed a green ugly thing
 10172 | D:11     | Reached ***** piety under Okawaru
 10587 | D:11     | Killed squipdi's ghost
 10587 | D:11     | Reached skill level 16 in Axes
 10644 | D:11     | Found a portal to a secret trove of treasure.
 10832 | D:11     | Found a glowing silver altar of Zin.
 10874 | D:11     | Got a translucent cloak
 11190 | D:12     | Killed an unseen horror
 11190 | D:12     | Reached skill level 5 in Dodging
 11315 | D:12     | Identified the +2 cloak of Awe {rElec rPois Int+4 Stlth-} (You found it on level 11 of the Dungeon)
 11420 | D:12     | Noticed an orc knight
 11453 | D:12     | Killed an orc knight
 11507 | D:12     | Received a gift from Okawaru
 11507 | D:12     | Reached XP level 12. HP: 75/106 MP: 11/11
 11682 | D:12     | Got a wizard robe {god gift}
 11707 | D:12     | Identified the +1 robe of Death Resistance {*Corrode Dex+9 SInv} (Okawaru gifted it to you on level 12 of the Dungeon)
 12264 | D:12     | Reached skill level 10 in Dodging
 12279 | D:12     | Noticed Erolcha
 12296 | D:12     | Killed Erolcha
 12339 | D:12     | Found a staircase to the Orcish Mines.
 12821 | D:13     | Noticed a six-headed hydra
 12828 | D:13     | Killed a six-headed hydra
 13069 | D:13     | Received a gift from Okawaru
 13072 | D:13     | Noticed a two-headed ogre
 13073 | D:13     | Noticed a two-headed ogre
 13074 | D:13     | Noticed an ogre mage
 13079 | D:13     | Killed a two-headed ogre
 13082 | D:13     | Killed a two-headed ogre
 13090 | D:13     | Killed an ogre mage
 13097 | D:13     | Got an opal-encrusted chain mail {god gift}
 13101 | D:13     | Identified the +4 chain mail of Life {rElec Dex+3 SInv} (Okawaru gifted it to you on level 13 of the Dungeon)
 13133 | D:13     | Found a gate to the Vaults.
 13292 | D:13     | Noticed a seven-headed hydra
 13304 | D:13     | Killed a seven-headed hydra
 13304 | D:13     | Reached XP level 13. HP: 89/125 MP: 12/12
 13489 | D:14     | Found a sparkling altar of Nemelex Xobeh.
 13552 | D:14     | Reached ****** piety under Okawaru
 13666 | D:14     | Found a glowing golden altar of the Shining One.
 13715 | D:14     | Reached skill level 15 in Fighting
 13935 | D:14     | Noticed an ettin
 13935 | D:14     | Noticed a sphinx
 13951 | D:14     | Killed from afar by an ogre mage

Skill      XL: |  1  2  3  4  5  6  7  8  9 10 11 12 13 |
---------------+----------------------------------------+-----
Fighting       | 4 5 6 7 8 10 14 15 | 15.6
Axes           | 4 7 10 14 16 | 16.1
Armour         | 4 7 10 | 10.0
Dodging        | 8 10 | 10.0
Polearms       | |  3.6
Stealth        | |  1.5

Action                   |  1- 3 |  4- 6 |  7- 9 | 10-12 | 13-15 || total
-------------------------+-------+-------+-------+-------+-------++-------
Melee: Spear             |   109 |   178 |       |       |       ||   287
       Headbutt          |    20 |    23 |    70 |   167 |    21 ||   301
       Trident           |       |       |   415 |   336 |       ||   751
       War axe           |       |       |       |   442 |    85 ||   527
Invok: Heroism           |       |       |     1 |    14 |       ||    15
 Abil: Evoke Flight      |       |       |       |     1 |       ||     1
Evoke: Wand              |       |       |       |     4 |       ||     4
       Phial of floods   |       |       |       |     1 |       ||     1
  Use: Scroll            |       |     7 |     1 |    13 |     2 ||    23
       Potion            |       |       |     2 |     2 |       ||     4
 Stab: Sleeping          |     1 |     1 |       |       |       ||     2
  Eat: Chunk             |     1 |     5 |     9 |    15 |     2 ||    32
       Ration            |       |       |     1 |     3 |       ||     4
Armor: Ring mail         |    30 |    31 |       |       |       ||    61
       Chain mail        |       |       |   227 |   231 |    21 ||   479
Dodge: Dodged            |    60 |    72 |   182 |   206 |    34 ||   554
Block: Other             |       |       |    44 |       |       ||    44
       Reflection        |       |       |    10 |    17 |     1 ||    28
       Buckler           |       |       |    37 |   251 |    31 ||   319
